 Dungeon Crawl Stone Soup version 0.30.1-3-gfc49f6343a (webtiles) character file.

Game seed: 2439874139198015963

31982 Spacey the Severer (level 13, -2/128 HPs)
             Began as a Minotaur Fighter on Aug 2, 2023.
             Was the Champion of Okawaru.
             Slain by a wolf spider simulacrum (9 damage)
             ... on level 4 of the Lair of Beasts.
             The game lasted 00:45:44 (14736 turns).

Spacey the Severer (Minotaur Fighter)              Turns: 14736, Time: 00:45:45

Health: -2/128     AC: 19    Str: 21    XL:     13   Next: 28%
Magic:  18/18      EV:  5    Int:  5    God:    Okawaru [******]
Gold:   653        SH:  5    Dex: 15    Spells: 12/12 levels left

rFire   x . .        A - +6 battleaxe (flame)
rCold   + + .        (shield currently unavailable)
rNeg    . . .        n - +0 chain mail
rPois   .            S - +2 hat {Will+}
rElec   .            o - +0 cloak
rCorr   .            j - +0 pair of gloves
SInv    .            v - +2 pair of boots {rampage}
Will    +....        x - amulet of reflection Stlth
                     a - ring of protection from cold
HPRegen 0.41/turn    h - ring of ice
MPRegen 0.16/turn

%: reflection, rampage
@: about to teleport, constricted
A: horns 2, retaliatory headbutt
a: Renounce Religion, Heroism, Finesse, Duel


You were on level 4 of the Lair of Beasts.
You worshipped Okawaru.
Okawaru was exalted by your worship.
You visited 3 branches of the dungeon, and saw 15 of its levels.

You collected 653 gold pieces.

Inventory:

Hand Weapons
 p - a +2 hammer of holy wrath
 A - a +6 battleaxe of flaming (weapon)
Missiles
 H - a javelin (quivered)
 J - a throwing net
Armour
 c - a +0 buckler
 j - a +0 pair of gloves (worn)
 n - a +0 chain mail (worn)
 o - a +0 cloak (worn)
 v - a +2 pair of boots of rampaging (worn)
 S - a +2 hat of willpower (worn)
Jewellery
 a - a ring of protection from cold (left hand)
 h - a ring of ice (right hand)
 l - a +6 ring of strength
 r - a ring of resist corrosion
 s - a ring of see invisible
 x - an amulet of reflection (around neck)
 R - a ring of protection from fire
Wands
 G - a wand of paralysis (4)
 I - a wand of mindburst (15)
 L - a wand of roots (11)
 P - a wand of flame (20)
Scrolls
 f - 3 scrolls of immolation
 g - 11 scrolls of teleportation
 i - 5 scrolls of magic mapping
 k - 4 scrolls of fog
 m - 3 scrolls of poison
 t - 2 scrolls of enchant armour {unknown}
 w - a scroll of fear {unknown}
 y - 2 scrolls of vulnerability {unknown}
 E - 2 scrolls of summoning {unknown}
 K - 3 scrolls of noise {unknown}
 N - 2 scrolls of torment {unknown}
 Q - a scroll of amnesia {unknown}
 U - a scroll of identify
Potions
 b - 6 potions of attraction
 d - 3 potions of might
 e - 4 potions of curing
 u - 3 potions of cancellation
 B - 2 potions of ambrosia
 C - 3 potions of haste
 F - 3 potions of flight
 M - 3 potions of resistance
 O - 2 potions of mutation {unknown}
 T - 3 potions of brilliance


   Skills:
 - Level 15.8 Fighting
 - Level 18.1 Axes
 - Level 9.2 Armour
 - Level 3.9 Shields
 + Level 8.3 Invocations


You had 12 spell levels left.
You didn't know any spells.
Your spell library contained the following spells:

 Spells                   Type           Power      Damage    Failure   Level
 Magic Dart               Conj           0%         1d3       96%         1
 Sandblast                Erth           0%         2d4       96%         1
 Shock                    Conj/Air       0%         1d3       96%         1
 Passwall                 Tmut/Erth      0%         N/A       99%         2
 Scorch                   Fire           0%         2d5       99%         2
 Mephitic Cloud           Conj/Pois/Air  0%         N/A       100%        3
 Stone Arrow              Conj/Erth      0%         3d7       100%        3
 Swiftness                Air            0%         N/A       100%        3
 Volatile Blastmotes      Fire/Tloc      0%         2d10      100%        3
 Airstrike                Air            0%         2d(0-16)  100%        4
 Flame Wave               Conj/Fire      0%         2d4       100%        4
 Fulminant Prism          Conj/Hex       0%         3d5       100%        4
 Iskenderun's Mystic Bla  Conj/Tloc      0%         2d3       100%        4
 Iskenderun's Battlesphe  Conj           0%         2d6       100%        5
 Lee's Rapid Deconstruct  Erth           0%         3d4*      100%        5
 Iron Shot                Conj/Erth      0%         9d1       100%        6
 Call Imp                 Summ           Unusable   N/A       N/A         2
 Summon Cactus Giant      Summ           Unusable   N/A       N/A         6
 Spellforged Servitor     Conj/Summ      Unusable   N/A       N/A         7

Dungeon Overview and Level Annotations

Branches:
Dungeon (9/15)             Temple (1/1) D:5            Lair (5/5) D:9
  Swamp (0/4) Lair:2       Spider (0/4) Lair:3
  Slime: Lair:4-5       Orc: D:9-12

Altars:
Cheibriados
Dithmenos
Elyvilon
Fedhas
Gozag
Hepliaklqana
Kikubaaqudgha
Makhleb
Nemelex Xobeh
Okawaru
Qazlal
Ru
Sif Muna
Trog
Uskayaw
Vehumet
Wu Jian
Xom
Yredelemnul
Zin

Shops:
D:2 =   D:3 (   D:5 (

Annotations:
Lair:4 1 transporter


Innate Abilities, Weirdness & Mutations

You have a pair of horns on your head.
You reflexively headbutt those who attack you in melee.


Message History

The anaconda simulacrum constricts you.
The anaconda simulacrum bites you but does no damage.
The wolf spider simulacrum hits you. The wolf spider simulacrum freezes you!
You resist.
* * * LOW HITPOINT WARNING * * *
You block the wolf spider simulacrum's attack.
The anaconda simulacrum bites you.
* * * LOW HITPOINT WARNING * * *
The anaconda simulacrum freezes you. You resist.
* * * LOW HITPOINT WARNING * * *
The anaconda simulacrum constricts you.
* * * LOW HITPOINT WARNING * * *
You block the anaconda simulacrum's attack.
Unknown command.
Unknown command.
As you read the scroll of teleportation, it crumbles to dust.
You feel strangely unstable.
The wolf spider simulacrum hits you but does no damage.
The wolf spider simulacrum bites you but does no damage.
The anaconda simulacrum bites you but does no damage.
The anaconda simulacrum constricts you.
* * * LOW HITPOINT WARNING * * *
The anaconda simulacrum bites you but does no damage.
The wolf spider simulacrum hits you but does no damage.
The wolf spider simulacrum bites you!
* * * LOW HITPOINT WARNING * * *
The wolf spider simulacrum freezes you. You resist.
* * * LOW HITPOINT WARNING * * *
Unknown command.
You feel better.
The anaconda simulacrum barely misses you.
The anaconda simulacrum constricts you. The anaconda simulacrum bites you.
* * * LOW HITPOINT WARNING * * *
The anaconda simulacrum freezes you. You resist.
* * * LOW HITPOINT WARNING * * *
The anaconda simulacrum bites you but does no damage.
The anaconda simulacrum constricts you. The wolf spider simulacrum hits you.
* * * LOW HITPOINT WARNING * * *
The wolf spider simulacrum freezes you! You resist.
You die...

.##..#.### ##............# #....
.##...## ###.............######..
......# #..........††.....## #.#
......####............†...#.# ###
........#.)......#######...##
........#.########..○○°#...#
.#........#°°○○°°#○°○○°#...#
.(........#○°○○°°#Z☼°○○#...# ##
..........#..#.#@ZZ°○[(#...# ###.
......#..©#°°©..ZZ○○°[©#©..###...
##...###..#°°#.#.○°☼°[?#..#.....#
##...P###.#.°°○°°#°○○○○#......###
#P...## ###°°○.○°#○○○°°#.......##
##..## ########°°☼°○#.........
#...# ########......... ....##
#.............#.. .....# #####
##............###


You could see 2 anaconda simulacra, a bullfrog simulacrum, a rime drake
simulacrum and a wolf spider simulacrum.

Vanquished Creatures
  Gastronok (D:8)
  Snorg (Lair:3)
  Harold (D:9)
  Erica (D:8)
  6 death yaks (Lair:4)
  2 two-headed ogres
  2 skysharks
  A deep troll (Lair:1)
  Pikel (D:8)
  A lindwurm (Lair:3)
  5 elephants (Lair:4)
  2 black mambas
  7 cane toads
  A torpor snail (Lair:4)
  3 rime drakes
  Maggie (D:9)
  4 komodo dragons
  An anaconda simulacrum (Lair:4)
  A troll (D:8)
  9 blink frogs (Lair:4)
  A hornet (D:8)
  8 dream sheep
  Sigmund (D:2)
  28 yaks
  4 wyverns
  4 basilisks
  2 redbacks (Lair:3)
  Edmund (D:6)
  8 water moccasins
  An orc warrior (D:7)
  3 ice beasts
  An ogre (D:5)
  3 centaurs
  8 wolves
  A phantom (D:5)
  3 kobold brigands
  13 bullfrogs
  5 scorpions
  A gnoll sergeant (D:7)
  9 wights
  A blink frog simulacrum (Lair:4)
  15 killer bees (D:9)
  A howler monkey (D:3)
  3 electric eels
  11 hounds
  Crazy Yiuf (D:2)
  7 orc priests
  A sleepcap (D:6)
  Jessica (D:2)
  2 gnoll boudas
  An iguana (D:4)
  7 orc wizards
  7 gnolls (D:7)
  4 adders
  3 shadow imps
  A white imp (D:5)
  7 worms
  2 dart slugs (D:4)
  23 orcs
  9 bats
  7 endoplasms
  3 giant cockroaches
  8 goblins
  9 hobgoblins
  4 jackals
  4 quokkas
  8 ball pythons
  2 frilled lizards
  28 kobolds
  5 rats
341 creatures vanquished.

Notes
Turn   | Place    | Note
-------+----------+-------------------------------------------
     0 | D:1      | Spacey the Minotaur Fighter began the quest for the Orb.
     0 | D:1      | Reached XP level 1. HP: 19/19 MP: 0/0
   105 | D:1      | Reached XP level 2. HP: 23/27 MP: 1/1
   320 | D:1      | Reached skill level 3 in Axes
   499 | D:1      | Reached XP level 3. HP: 33/33 MP: 2/2
   667 | D:2      | Found Wyrchaj's Jewellery Shoppe.
   712 | D:2      | Noticed Sigmund
   733 | D:2      | Killed Sigmund
   734 | D:2      | Reached skill level 6 in Axes
   734 | D:2      | Reached XP level 4. HP: 26/40 MP: 3/3
   734 | D:2      | Reached XP level 5. HP: 30/46 MP: 4/4
  1043 | D:2      | Noticed Jessica
  1048 | D:2      | Killed Jessica
  1344 | D:2      | Found a runed translucent door.
  1345 | D:2      | Noticed Crazy Yiuf
  1358 | D:2      | Killed Crazy Yiuf
  1635 | D:3      | Reached XP level 6. HP: 53/53 MP: 5/5
  2044 | D:3      | Found a snail-covered altar of Cheibriados.
  2136 | D:3      | Found Jutelis's Antique Weapon Boutique.
  2338 | D:4      | Reached skill level 5 in Fighting
  2338 | D:4      | Reached skill level 7 in Axes
  2459 | D:4      | Reached XP level 7. HP: 27/62 MP: 6/6
  2757 | D:4      | Reached skill level 8 in Axes
  2977 | D:4      | Found a shadowy altar of Dithmenos.
  2977 | D:4      | Found a stormy altar of Qazlal.
  3143 | D:4      | Reached skill level 5 in Armour
  3257 | D:5      | Entered Level 5 of the Dungeon
  3258 | D:5      | Found a radiant altar of Vehumet.
  3318 | D:5      | Found Gopaon Qian's Antique Weapon Shoppe.
  3354 | D:5      | Found a staircase to the Ecumenical Temple.
  3362 | Temple   | Entered the Ecumenical Temple
  3376 | Temple   | Became a worshipper of Warmaster Okawaru
  3467 | D:5      | Reached skill level 9 in Axes
  3468 | D:5      | Reached XP level 8. HP: 70/70 MP: 7/7
  3932 | D:6      | Noticed Edmund
  3950 | D:6      | Killed Edmund
  4311 | D:6      | Reached * piety under Okawaru
  4312 | D:6      | Reached skill level 10 in Axes
  5047 | D:7      | Reached XP level 9. HP: 66/75 MP: 8/8
  5128 | D:7      | Reached skill level 11 in Axes
  5147 | D:7      | Found a glowing silver altar of Zin.
  5243 | D:7      | Reached ** piety under Okawaru
  5369 | D:7      | Found a bloodstained altar of Trog.
  5738 | D:8      | Noticed Gastronok
  5881 | D:8      | Noticed Erica
  5893 | D:8      | Killed Erica
  5893 | D:8      | Reached *** piety under Okawaru
  5894 | D:8      | Reached skill level 12 in Axes
  6212 | D:8      | Found a hide-covered altar of Uskayaw.
  6227 | D:8      | Reached XP level 10. HP: 72/90 MP: 9/9
  6384 | D:8      | Reached **** piety under Okawaru
  6385 | D:8      | Reached skill level 13 in Axes
  6436 | D:8      | Noticed Pikel
  6461 | D:8      | Killed Pikel
  6488 | D:8      | Noticed a two-headed ogre
  6740 | D:8      | Killed Gastronok
  6741 | D:8      | Reached skill level 10 in Fighting
  7197 | D:8      | Found an ornate altar of the Wu Jian Council.
  7489 | D:9      | Noticed Maggie
  7499 | D:9      | Received a gift from Okawaru
  7514 | D:9      | Reached skill level 14 in Axes
  7532 | D:9      | Killed Maggie
  7909 | D:9      | Reached ***** piety under Okawaru
  8013 | D:9      | Noticed Harold
  8114 | D:9      | Reached XP level 11. HP: 94/102 MP: 10/10
  8178 | D:9      | Found a staircase to the Lair.
  8251 | D:8      | Received a gift from Okawaru
  8373 | D:8      | Killed a two-headed ogre
  8374 | D:8      | Reached skill level 15 in Axes
  8529 | D:9      | Killed Harold
  8677 | D:9      | Noticed a two-headed ogre
  8681 | D:9      | Killed a two-headed ogre
  8942 | Lair:1   | Entered Level 1 of the Lair of Beasts
  9437 | Lair:1   | Received a gift from Okawaru
  9636 | Lair:1   | Noticed a deep troll
  9648 | Lair:1   | Killed a deep troll
  9649 | Lair:1   | Reached skill level 16 in Axes
 10751 | Lair:2   | Found a staircase to the Swamp.
 10933 | Lair:2   | Reached XP level 12. HP: 117/117 MP: 11/11
 11379 | Lair:3   | Found a hole to the Spider Nest.
 11513 | Lair:3   | Reached skill level 17 in Axes
 11770 | Lair:3   | Reached ****** piety under Okawaru
 12444 | Lair:3   | Reached skill level 15 in Fighting
 12599 | Lair:3   | Noticed Snorg
 12610 | Lair:3   | Killed Snorg
 12756 | Lair:4   | Received a gift from Okawaru
 12993 | Lair:4   | Found a transporter.
 13046 | Lair:4   | Found a transporter.
 13100 | Lair:4   | Reached skill level 18 in Axes
 13330 | Lair:4   | Noticed a death yak
 13330 | Lair:4   | Noticed a death yak
 13331 | Lair:4   | Noticed a death yak
 13331 | Lair:4   | Noticed a death yak
 13332 | Lair:4   | Noticed a death yak
 13333 | Lair:4   | Noticed a death yak
 13357 | Lair:4   | Killed a death yak
 13362 | Lair:4   | Killed a death yak
 13370 | Lair:4   | Killed a death yak
 13374 | Lair:4   | Killed a death yak
 13380 | Lair:4   | Killed a death yak
 13390 | Lair:4   | Killed a death yak
 13393 | Lair:4   | Reached skill level 5 in Invocations
 13732 | Lair:4   | Reached XP level 13. HP: 97/128 MP: 14/16
 14040 | Lair:4   | Received a gift from Okawaru
 14066 | Lair:4   | You fall into a shaft and drop 1 floor!
 14066 | Lair:5   | Entered Level 5 of the Lair of Beasts
 14736 | Lair:4   | Slain by a wolf spider simulacrum

Illustrated notes

Levels and vault maps discovered:
D:1:      dpeg_arrival_central, layout_rooms
D:2:      layout_basic, serial_shops, nicolae_shop_pleasant_corner_grove,
          serial_bayou, serial_bayou_pond_c, serial_bayou_pond_e,
          serial_bayou_ford_a, serial_bayou_lagoon_a, minivault_27,
          serial_bayou_crossing, uniq_sigmund, uniq_jessica,
          uniq_crazy_yiuf_cottage
D:3:      layout_loops_ring, lemuel_doored_altar, serial_shops, shop,
          kennysheep_generic_room_2
D:4:      minmay_inner_zag, layout_rooms, gammafunk_temple_overflow_wave,
          nicolae_wormholes
D:5:      layout_basic, mainiacjoe_overflow_boulevard, temple_fountains,
          serial_shops, shop, grunt_decor_junction, serial_bayou_pond_b
D:6:      layout_gridville, uniq_edmund
D:7:      layout_rooms, zin_scriptorium, mainiacjoe_overflow_six_doors_small
D:8:      layout_loops_ring, mainiacjoe_overflow_24_doors,
          pdpol_wu_jian_five_deadly_venoms, hangedman_decor_points,
          minmay_misc_feat_tower, uniq_erica, uniq_pikel, uniq_gastronok
D:9:      layout_basic, erik_lair_island, minmay_misc_feat_diagonals,
          uniq_harold, uniq_maggie
Temple:   nicolae_temple_ecumenical_triangle
Lair:1:   dreamdust_cave_troll, layout_cave_pods, infiniplex_staircase_pool_2,
          serial_bayou_shore_b, serial_bayou_shore_b
Lair:2:   layout_roguey, swamp_mist
Lair:3:   layout_small_grid, spider_nest_entry_webs, grunt_megastairs_3,
          serial_bayou_shore_a, uniq_snorg
Lair:4:   gammafunk_cloud_chamber, layout_cave_pods, st_stairs_11
Lair:5:   minmay_lair_end_enchanted_forest, layout_loops_ring,
          minmay_slime_entry_oklob_enclosed, evilmike_ambush
          [evilmike_ambush_outer_basic, evilmike_ambush_inner_wall_1]

Skill      XL: |  1  2  3  4  5  6  7  8  9 10 11 12 13 |
---------------+----------------------------------------+-----
Armour         | 4 5 8 9 |  9.2
Fighting       | 4 5 6 8 11 14 15 | 15.8
Axes           | 3 6 7 9 10 12 14 16 18 | 18.1
Invocations    | 5 8 |  8.3
Shields        | |  3.9

Action                     |  1- 3 |  4- 6 |  7- 9 | 10-12 | 13-15 || total
---------------------------+-------+-------+-------+-------+-------++-------
  Melee: War axe           |    14 |       |       |   478 |    23 ||   515
         Headbutt          |     8 |    24 |    91 |   156 |    20 ||   299
         Dagger            |    58 |   111 |   357 |    82 |       ||   608
         Mace              |       |       |    34 |    15 |       ||    49
         Battleaxe         |       |       |       |       |    48 ||    48
 Invoke: Heroism           |       |       |       |     3 |       ||     3
  Evoke: Wand              |       |       |       |     3 |       ||     3
    Use: Scroll            |     4 |     2 |     5 |     5 |     5 ||    21
         Potion            |     1 |       |     2 |       |     3 ||     6
   Stab: Invisible         |     1 |       |       |       |       ||     1
 Armour: Scale mail        |    44 |     4 |       |       |       ||    48
         Chain mail        |       |    43 |   165 |   227 |    44 ||   479
  Dodge: Dodged            |    38 |    45 |   107 |   145 |    18 ||   353
  Block: Buckler           |     6 |    21 |   171 |   259 |    11 ||   468
         Reflection        |       |       |     8 |     2 |       ||    10
         Other             |       |       |       |       |     5 ||     5
